Map: Blueshift EE

Players

Marte - Winner!

  • Race: Protoss Protoss
  • League: Diamond
  • Spawn Location: 1:00

RAUNURA de truco (Visión)

  • Race: Terran Terran
  • Spawn Location: 7:00

VOD

Have the link to the VOD?

Description

Time

  • Played on: Sept. 7, 2018, 10:32 p.m.
  • Length: 17:25
Show
View Real Time Build Order
Export as new Build Order

Marte Protoss - Winner!

Build Orders: Nexus First, Blink Stalkers 

Get SALT Encoding   

  12  0:02  Probe  
  13  0:14  Probe  
  14  0:25  Pylon  
  14  0:27  Probe  
  15  0:45  Probe  
  16  0:53  Probe  
  17  1:02  Nexus  
  17  1:15  Gateway  
  17  1:18  Assimilator  
  17  1:23  Probe  
  18  1:33  Probe  
  19  1:41  Probe  
  20  1:49  Probe  
  20  1:50  Assimilator  
  20  1:52  Pylon  
  21  2:01  Probe  
  22  2:10  Probe  
  23  2:16  Probe  
  23  2:18  Probe  
  23  2:21  Cybernetics Core  
  25  2:27  Probe  
  25  2:28  Probe  
  27  2:39  Probe  
  27  2:40  Probe  
  29  2:45  Gateway  
  29  2:46  Gateway  
  29  2:49  Warp Gate  
  29  2:52  Probe x2  
  31  2:59  Pylon  
  31  3:01  Stalker  
  33  3:06  Probe  
  33  3:09  Assimilator  
  34  3:16  Twilight Council  
  34  3:19  Probe  
  35  3:24  Probe  
  36  3:32  Probe  
  36  3:33  Stalker x2  
  41  3:34  Blink  
  41  3:43  Shield Battery  
  41  3:50  Robotics Facility  
  41  3:54  Pylon  
  41  3:58  Probe  
  41  4:02  Probe, Assimilator  
  43  4:06  Probe  
  43  4:12  Stalker  
  43  4:14  Probe  
  47  4:20  Stalker x2  
  51  4:26  Pylon  
  51  4:31  Observer  
  51  4:34  Probe x2  
  54  4:40  Pylon  
  54  4:46  Probe  
  54  4:47  Probe  
  54  4:49  Observer  
  57  4:58  Probe  
  57  4:59  Probe  
  59  5:03  Robotics Bay  
  59  5:11  Probe  
  60  5:18  Nexus  
  60  5:19  Pylon  
  60  5:22  Probe, Pylon  
  60  5:23  Probe  
  62  5:30  Robotics Facility  
  62  5:33  Forge  
  62  5:34  Forge  
  62  5:40  Probe  
  63  5:43  Probe  
  63  5:48  Protoss Ground Armor Level 1, Protoss Ground Weapons Level 1  
  64  5:52  Probe  
  64  5:55  Disruptor  
  68  6:01  Probe  
  69  6:07  Probe  
  70  6:13  Probe  
  70  6:17  Assimilator  
  70  6:18  Assimilator  
  69  6:19  Pylon  
  69  6:24  Gateway  
  69  6:27  Gravitic Drive, Gateway  
  69  6:28  Gateway, Disruptor  
  69  6:31  Disruptor  
  75  6:43  Stalker  
  77  6:47  Probe  
  77  6:51  Pylon  
  77  6:53  Probe x2  
  80  6:59  Probe  
  81  7:04  Disruptor  
  81  7:05  Probe, Warp Prism  
  81  7:07  Probe  
  81  7:08  Photon Cannon  
  88  7:10  Stalker x2  
  88  7:11  Probe  
  93  7:17  Probe  
  93  7:20  Probe  
  95  7:23  Probe  
  95  7:29  Probe, Gateway  
  97  7:32  Probe, Disruptor  
  97  7:34  Pylon  
  97  7:35  Probe  
  99  7:39  Pylon  
  99  7:41  Probe  
  103  7:44  Probe, Protoss Ground Weapons Level 2  
  103  7:51  Protoss Ground Armor Level 2  
  104  7:59  Disruptor  
  104  8:00  Observer  
  107  8:08  Disruptor  
  107  8:09  Stalker  
  107  8:10  Stalker x4  
  120  8:18  Observer  
  120  8:25  Zealot  
  122  8:31  Charge  
  122  8:35  Disruptor  
  99  9:11  Disruptor  
  99  9:15  Stalker x7  
  111  9:39  Stalker  
  111  9:40  Stalker x4  
  111  9:43  Nexus  
  121  9:46  Assimilator  
  121  9:50  Assimilator  
  121  9:51  Stargate  
  121  9:53  Pylon, Stargate  
  121  9:55  Stargate, Pylon  
  121  9:57  Pylon  
  121  10:02  Zealot x2  
  121  10:03  Zealot x3  
  121  10:04  Resonating Glaives  
  131  10:07  Zealot x2  
  131  10:18  Protoss Ground Weapons Level 3, Protoss Ground Armor Level 3  
  131  10:19  Zealot x2  
  135  10:23  Probe  
  135  10:24  Probe x2  
  135  10:26  Pylon  
  135  10:27  Pylon  
  138  10:35  Probe, Zealot x5  
  142  10:36  Probe x2  
  143  10:48  Probe x2  
  145  10:56  Zealot x4  
  153  10:57  Zealot x3  
  141  11:24  Fleet Beacon  
  141  11:44  Probe x4  
  145  12:02  Void Ray x3  
  157  12:10  Pylon  
  157  12:11  Assimilator, Nexus  
  157  12:12  Assimilator  
  157  12:14  Pylon  
  157  12:15  Pylon  
  157  12:21  Stalker  
  157  12:22  Stalker x5  
  165  12:23  Stalker  
  171  12:32  Mothership  
  171  12:35  Graviton Catapult  
  165  12:45  Tempest x2  
  165  12:50  Zealot x7  
  197  13:14  Templar Archives  
  191  13:26  Assimilator, Nexus  
  191  13:28  Pylon x2  
  191  13:29  Pylon, Assimilator  
  191  13:30  Pylon  
  191  13:33  Pylon  
  151  14:06  Tempest x3  
  165  14:13  Zealot x7  
  179  14:23  Psionic Storm  
  177  14:29  Protoss Shields Level 1  
  173  14:36  Pylon  
  165  14:39  Probe x3  
  168  14:48  Zealot x5  
  168  14:49  Zealot x2  
  168  14:50  Warp Prism  
  184  15:17  High Templar x5  
  184  15:18  High Templar x2  
  198  15:24  Pylon  
  166  16:23  Pylon  
  166  16:53  Zealot x3  
  166  16:54  Zealot x4  
  174  17:01  Nexus  
  176  17:02  Pylon, Assimilator  
  176  17:03  Assimilator  
  176  17:07  Pylon  
  176  17:08  Pylon  
Show
View Real Time Build Order
Export as new Build Order

RAUNURA de truco (Visión) Terran 

Build Orders: MMM Bio 

Get SALT Encoding   

  12  0:00  SCV  
  13  0:13  SCV  
  14  0:18  Supply Depot  
  14  0:25  SCV  
  15  0:40  SCV  
  16  0:43  Barracks  
  16  0:52  SCV  
  17  1:04  SCV  
  18  1:16  SCV, Supply Depot  
  19  1:21  Refinery  
  19  1:28  SCV  
  19  1:30  Marine  
  21  1:40  SCV  
  22  1:48  Marine  
  22  1:50  Barracks  
  22  1:52  SCV, Refinery  
  24  2:00  Supply Depot  
  24  2:04  SCV  
  24  2:06  Marine  
  26  2:16  SCV  
  26  2:22  Factory  
  27  2:23  Marine  
  27  2:29  SCV  
  29  2:37  Marine  
  29  2:41  SCV, Marine  
  32  2:53  SCV  
  32  2:55  Marine  
  34  2:59  Marine  
  34  3:03  Barracks  
  34  3:05  SCV  
  36  3:12  Marine  
  36  3:14  Factory Tech Lab  
  36  3:17  SCV  
  36  3:18  Barracks Tech Lab  
  38  3:28  Supply Depot  
  38  3:29  SCV  
  38  3:30  Barracks Tech Lab  
  39  3:49  SCV, Marine x2  
  39  3:50  Stimpack  
  42  3:57  Combat Shields  
  42  4:01  SCV  
  43  4:13  SCV  
  44  4:18  Supply Depot  
  44  4:25  SCV  
  45  4:35  Supply Depot  
  45  4:38  SCV  
  46  4:40  Barracks Reactor, Marine, Marauder, Siege Tank  
  46  4:41  Engineering Bay  
  52  4:49  Command Center  
  52  4:50  SCV  
  53  4:58  Marauder  
  55  5:03  Orbital Command  
  55  5:06  Marauder  
  57  5:09  Terran Infantry Weapons Level 1  
  57  5:12  Supply Depot  
  57  5:19  Marauder  
  59  5:27  Marauder  
  61  5:39  Marine  
  61  5:40  Engineering Bay  
  61  5:41  Marauder  
  64  5:46  Supply Depot  
  64  5:49  Marauder  
  66  5:55  Marine  
  67  6:02  Marauder  
  67  6:03  Starport  
  69  6:05  Terran Infantry Armor Level 1  
  69  6:11  SCV  
  69  6:14  SCV  
  71  6:24  SCV  
  72  6:26  SCV  
  73  6:33  Concussive Shells  
  73  6:34  Marine, Marauder  
  73  6:36  SCV, Marine  
  73  6:38  Orbital Command  
  73  6:39  Medivac  
  80  6:48  SCV  
  80  6:51  Command Center  
  80  6:52  Marauder  
  83  7:00  Supply Depot  
  83  7:02  Marauder  
  85  7:09  Medivac, Missile Turret  
  85  7:13  Marauder  
  89  7:20  Missile Turret  
  89  7:23  Marauder  
  89  7:25  Barracks  
  89  7:27  Supply Depot  
  91  7:33  Marine  
  91  7:35  Marauder  
  94  7:40  Starport Reactor, Refinery  
  94  7:41  Marine  
  95  7:45  Marauder  
  95  7:51  Supply Depot, Marine  
  97  7:56  Marauder  
  100  7:58  Marine  
  100  7:59  Refinery  
  100  8:03  SCV  
  100  8:05  SCV  
  103  8:06  SCV, Marauder  
  106  8:15  SCV  
  106  8:16  Viking, Medivac  
  106  8:17  SCV, Marauder  
  114  8:21  SCV  
  114  8:22  Supply Depot  
  116  8:27  SCV, Marauder  
  116  8:29  SCV  
  116  8:33  SCV  
  120  8:39  SCV, Marauder  
  120  8:41  SCV  
  124  8:45  Armory, SCV  
  125  8:48  Supply Depot  
  125  8:51  SCV  
  125  8:54  Command Center  
  123  8:58  Orbital Command  
  108  9:04  SCV  
  108  9:06  SCV  
  108  9:07  Marine  
  108  9:08  Marine  
  108  9:09  Marine  
  107  9:13  Marine  
  107  9:14  Marine  
  107  9:16  SCV  
  110  9:18  SCV  
  111  9:25  Marine  
  111  9:27  Marauder  
  111  9:29  SCV x2  
  111  9:30  SCV  
  117  9:34  Terran Infantry Weapons Level 2  
  117  9:41  SCV  
  117  9:42  SCV  
  117  9:43  Marauder, Thor  
  127  9:48  Marauder  
  127  9:50  Supply Depot  
  129  10:05  SCV, Marauder  
  129  10:06  SCV  
  133  10:07  SCV  
  133  10:08  SCV  
  133  10:09  Marauder  
  137  10:18  SCV x2  
  137  10:19  SCV  
  137  10:20  SCV  
  136  10:25  Thor  
  132  10:30  SCV x2  
  132  10:31  SCV  
  132  10:32  SCV  
  128  10:42  SCV x2, Marauder  
  122  10:43  SCV  
  122  10:45  SCV  
  122  10:51  Marauder  
  122  10:54  SCV  
  122  10:55  SCV  
  127  10:58  SCV  
  124  11:08  Thor  
  129  11:16  SCV  
  129  11:18  SCV  
  131  11:24  Supply Depot  
  132  11:28  SCV  
  132  11:30  SCV  
  126  11:40  SCV  
  126  11:42  SCV  
  128  11:48  Marauder  
  128  11:51  Thor  
  128  11:53  SCV  
  137  11:54  SCV  
  137  11:56  Command Center  
  137  11:58  Supply Depot  
  138  12:05  SCV, Marine  
  138  12:08  SCV  
  141  12:10  Marine  
  141  12:17  SCV  
  142  12:27  SCV  
  142  12:29  SCV  
  144  12:34  Command Center, Thor  
  150  12:39  SCV  
  150  12:41  SCV  
  150  12:42  Terran Infantry Weapons Level 3  
  152  12:44  Supply Depot  
  152  12:47  Viking  
  154  12:51  SCV  
  155  13:00  Missile Turret  
  155  13:06  SCV  
  155  13:07  SCV  
  155  13:09  Command Center  
  157  13:13  Viking  
  157  13:17  Siege Tank  
  157  13:18  SCV, Missile Turret  
  157  13:19  SCV  
  163  13:25  Supply Depot  
  161  13:30  SCV  
  126  13:45  Missile Turret  
  126  13:55  Command Center  
  126  14:01  Marine  
  127  14:03  Marine  
  127  14:06  SCV  
  127  14:08  SCV  
  130  14:12  Marine  
  130  14:15  Marine  
  132  14:18  SCV  
  132  14:19  Marauder  
  132  14:22  SCV  
  132  14:30  SCV  
  123  14:31  Marauder  
  123  14:34  SCV  
  123  14:37  Marine  
  126  14:42  SCV  
  126  14:43  Marauder  
  129  14:46  SCV  
  129  14:47  Viking  
  131  14:53  Marauder  
  131  14:55  SCV  
  133  15:05  Marauder  
  133  15:06  Command Center  
  135  15:14  Marauder  
  137  15:43  SCV  
  137  15:45  Command Center  
  132  15:58  Marauder  
  122  16:04  Marauder  
  122  16:08  Marine  
  94  16:11  Marine  
  94  16:14  Marine  
  82  16:19  Marine  
  82  16:25  Marine  
  84  16:26  Marine  
  84  16:31  Marine  
  86  16:33  Marine  
  86  16:37  Marine  
  88  16:43  Marine  
  88  16:44  Marine  
  78  16:49  Marine  
  78  16:51  Marine  
  72  16:55  Marauder  
  73  17:01  Marauder  
  73  17:02  Marine  
Tags
 
Add a new tag
Caveats
  • Supply blocks, unpowered buildings, or Contaminate may cause inaccurate times.
  • Supply counts are checked every 10 seconds.